 Dungeon Crawl Stone Soup version 0.21.1-1-g345015f (webtiles) character file.

940 sking99 the Stinger (level 8, 46/46 HPs)
             Began as an Octopode Venom Mage on July 1, 2018.
             Was an Initiate of Kikubaaqudgha.
             Quit the game on level 7 of the Dungeon.
             The game lasted 00:22:34 (8646 turns).

sking99 the Stinger (Octopode Venom Mage)           Turns: 8646, Time: 00:22:35

Health: 46/46      AC:  1    Str:  8    XL:     8   Next: 12%
Magic:  14/14      EV: 15    Int: 19    God:    Kikubaaqudgha [......]
Gold:   237        SH:  0    Dex: 12    Spells: 10/16 levels left

rFire    . . .     SeeInvis .   p - +0 dagger (drain)
rCold    . . .     Gourm    .   (no shield)
rNeg     . . .     Faith    .   (helmet restricted)
rPois    .         Spirit   .   s - amulet of regeneration
rElec    .         Reflect  .   o - ring of flight
rCorr    .         Harm     .   (no ring)
MR       .....                  (no ring)
Stlth    +++.......             (no ring)
HPRegen  0.55/turn              (no ring)
MPRegen  0.14/turn              (no ring)
                                (no ring)
                                (no ring)

@: no status effects
A: almost no armour, stealthy swim, amphibious, 8 rings, constrict 8, camouflage
1, gelatinous body 1
a: Renounce Religion, Evoke Flight


You were on level 7 of the Dungeon.
You worshipped Kikubaaqudgha.
Kikubaaqudgha was noncommittal.
You were not hungry.

You visited 2 branches of the dungeon, and saw 8 of its levels.

You collected 237 gold pieces.

Inventory:

Hand Weapons
 p - a +0 dagger of draining (weapon)
Missiles
 l - 194 stones (quivered)
Magical Staves
 y - an uncursed staff of summoning
Jewellery
 h - an uncursed amulet of faith
 o - a ring of flight (left tentacle)
 s - an amulet of regeneration (around mantle)
 t - an uncursed ring of teleportation
Wands
 i - a wand of random effects (26)
 m - a wand of polymorph (10)
Scrolls
 d - 2 scrolls of identify
 e - 9 scrolls of remove curse
 f - 2 scrolls of blinking {unknown}
 g - 2 scrolls of magic mapping
 q - 2 scrolls of enchant weapon {unknown}
 v - 2 scrolls of teleportation
 w - a scroll of amnesia {unknown}
 x - 3 scrolls of immolation {unknown}
Potions
 c - a potion of ambrosia {unknown}
 j - 3 potions of haste
 k - a potion of resistance {unknown}
 n - a potion of invisibility
 r - 3 potions of lignification
Books
 a - a Young Poisoner's Handbook

   Spells                             Type                      Level
   a - Sting                          Conjuration/Poison           1
   b - Poisonous Vapours              Poison/Air                   2
   c - Mephitic Cloud                 Conjuration/Poison/Air       3
   d - Olgreb's Toxic Radiance        Poison                       4
   e - Venom Bolt                     Conjuration/Poison           5
Comestibles
 b - 8 rations


   Skills:
 + Level 4.9 Dodging
 - Level 2.6 Stealth
 + Level 4.5 Spellcasting
 - Level 3.0 Conjurations
 + Level 0.6 Necromancy
 + Level 3.2 Air Magic
 + Level 6.1 Poison Magic


You had 10 spell levels left.
You knew the following spells:

 Your Spells              Type           Power        Failure   Level  Hunger
a - Sting                 Conj/Pois      ###.         1%          1    None
b - Poisonous Vapours     Pois/Air       ###...       2%          2    #......
c - Mephitic Cloud        Conj/Pois/Air  ###.....     7%          3    ###....


Dungeon Overview and Level Annotations

Branches:
Dungeon (7/15)             Temple (1/1) D:4

Altars:
Ashenzari
Cheibriados
Dithmenos
Elyvilon
Fedhas
Gozag
Hepliaklqana
Kikubaaqudgha
Makhleb
Nemelex Xobeh
Okawaru
Qazlal
Ru
Sif Muna
Trog
Uskayaw
Vehumet
Wu Jian
Xom
Yredelemnul
Zin
The Shining One

Annotations:
D:2 Sigmund
D:7 spiff's ghost, novice OgHu


Innate Abilities, Weirdness & Mutations

You cannot wear most types of armour.
You are very stealthy in the water. (Stealth+)
You are amphibious.
You can wear up to eight rings at the same time.
You can use your tentacles to constrict eight enemies at once.
Your skin changes colour to match your surroundings (Stealth+).
Your rubbery body absorbs attacks. (AC +1, EV +1)


Message History

y - an uncursed staff of summoning (weapon)
q - 2 scrolls labeled ZOHINEJATA (gained 1) Wield which item (- for none, * to show all)? (? for menu, Esc to quit)
You sense an unholy aura.
p - a +0 dagger of draining (weapon)
You see here 12 arrows.
l - 194 stones (gained 27)
You see here a long sword.
x - 3 scrolls labeled QISECK QYST (gained 1)
Found a stone staircase leading down.
You now have 237 gold pieces (gained 19).
Found a scroll of magic mapping.
Are you sure you want to abandon this character and quit the game? (Confirm with "yes".)
Okay, then.
Quiver which item? (- for none, * to show all) (? for menu, Esc to quit)
Okay, then.
Are you sure you want to abandon this character and quit the game? (Confirm with "yes".)
Okay, then.
Unknown command.
Are you sure you want to abandon this character and quit the game? (Confirm with "yes".)

#### #.........
..........# #.........
.......... #.........
.......... ##.........
.........# ##..........
.........## #..##.......
.....?....###.###.......
..........##.## ##......
.......@..#..# #.......
.............# #.#.....
.............# #.###...
..........#...# #. ##.#
.........####^.### ...#
.#####.### #.# #..# #.
..# #.# #. ..# .# #. #
#.


There were no monsters in sight!

Vanquished Creatures
  An ice beast (D:5)
  A sky beast (D:2)
  A centaur (D:3)
  An ogre (D:7)
  A crimson imp (D:5)
  A hound (D:5)
  An orc priest (D:2)
  2 jellies
  2 orc wizards
  Jessica (D:2)
  2 iguanas (D:6)
  2 worker ants
  Robin (D:4)
  6 gnolls
  7 adders
  A shadow imp (D:6)
  2 adder skeletons
  An adder zombie (D:5)
  3 worms
  3 dart slugs
  5 leopard geckos
  11 orcs
  6 bats
  5 giant cockroaches
  18 goblins
  5 hobgoblins
  6 jackals
  4 kobolds
  5 quokkas
  6 frilled lizards
  5 rats
116 creatures vanquished.

Notes
Turn   | Place    | Note
-------+----------+-------------------------------------------
     0 | D:1      | sking99 the Octopode Venom Mage began the quest for the Orb.
     0 | D:1      | Reached XP level 1. HP: 11/11 MP: 3/3
   111 | D:1      | Reached XP level 2. HP: 17/17 MP: 0/5
   568 | D:1      | Learned a level 2 spell: Poisonous Vapours
  1132 | D:2      | Noticed Sigmund
  1177 | D:2      | Reached skill level 4 in Poison Magic
  1177 | D:2      | Reached XP level 3. HP: 21/21 MP: 0/6
  1792 | D:2      | Reached skill level 1 in Air Magic
  1792 | D:2      | Reached XP level 4. HP: 27/27 MP: 1/7
  2244 | D:2      | Reached XP level 5. HP: 31/31 MP: 3/9
  2408 | D:2      | Noticed a sky beast
  2418 | D:2      | Killed a sky beast
  2765 | D:2      | Noticed Jessica
  2768 | D:2      | Killed Jessica
  2768 | D:2      | Reached XP level 6. HP: 36/36 MP: 3/10
  3443 | D:3      | Reached skill level 5 in Poison Magic
  3654 | D:3      | Learned a level 3 spell: Mephitic Cloud
  5032 | D:4      | Found a staircase to the Ecumenical Temple.
  5291 | D:4      | Noticed Robin
  5293 | D:4      | Killed Robin
  5293 | D:4      | Reached XP level 7. HP: 41/41 MP: 5/12
  6597 | D:5      | Entered Level 5 of the Dungeon
  6672 | D:5      | Found a sacrificial altar of Ru.
  6813 | Temple   | Entered the Ecumenical Temple
  6899 | Temple   | Became a worshipper of Kikubaaqudgha
  7713 | D:5      | Found a burning altar of Makhleb.
  7829 | D:6      | Reached skill level 6 in Poison Magic
  8128 | D:6      | Reached XP level 8. HP: 46/46 MP: 8/14
  8301 | D:7      | Noticed spiff's ghost (novice OgHu)
  8646 | D:7      | Quit the game

Skill      XL: |  1  2  3  4  5  6  7 |
---------------+----------------------+-----
Poison Magic   | 4 5 6 |  6.1
Conjurations   | 2 3 |  3.0
Air Magic      | 1 2 3 |  3.2
Dodging        | 3 4 |  4.9
Spellcasting   | 3 4 |  4.5
Stealth        | |  2.6
Necromancy     | |  0.6

Action                   |  1- 3 |  4- 6 |  7- 9 || total
-------------------------+-------+-------+-------++-------
Melee: Dagger            |     6 |     4 |    36 ||    46
       Tentacles         |     2 |     1 |    11 ||    14
       Constrict         |     1 |     1 |    10 ||    12
 Cast: Sting             |    36 |    44 |    39 ||   119
       Poisonous Vapours |    20 |    74 |    42 ||   136
  Use: Scroll            |       |     9 |     2 ||    11
  Eat: Chunk             |     4 |    14 |     8 ||    26
       Ration            |       |       |     1 ||     1
Armor: Skin              |       |     2 |     4 ||     6
Dodge: Dodged            |     5 |    22 |    36 ||    63
